Map: New Gettysburg LE

Players

Tenonee

  • Race: Terran Terran
  • League: Platinum

HeavyArms - Winner!

  • Race: Zerg Zerg
  • League: Diamond

VOD

Have the link to the VOD?

Description

Time

  • Played on: July 24, 2016, 3:47 a.m.
  • Length: 25:26
Show
View Real Time Build Order
Export as new Build Order

Tenonee Terran 

Build Orders:  

Get SALT Encoding   

  12  0:01  SCV  
  13  0:13  SCV  
  14  0:19  Supply Depot  
  14  0:25  SCV  
  15  0:40  SCV  
  15  0:42  Barracks  
  16  0:52  SCV  
  16  0:53  Refinery  
  17  1:04  SCV  
  18  1:17  SCV  
  19  1:25  Supply Depot  
  19  1:29  SCV  
  20  1:44  SCV  
  20  1:46  Barracks Reactor  
  21  1:52  Command Center  
  21  2:00  Orbital Command  
  21  2:14  Factory  
  21  2:24  Marine  
  21  2:25  Marine  
  21  2:29  SCV  
  24  2:41  SCV  
  24  2:42  Marine  
  24  2:43  Marine  
  27  2:53  SCV  
  27  2:55  Refinery  
  28  3:05  SCV  
  29  3:07  Orbital Command  
  29  3:14  Hellion x2  
  29  3:17  SCV  
  32  3:22  Barracks Tech Lab  
  31  3:29  SCV  
  32  3:35  Hellion x2  
  37  3:41  SCV x2  
  38  3:50  Supply Depot  
  38  3:53  SCV x2  
  40  3:56  Supply Depot, Stimpack  
  40  4:02  Hellion x2, Starport  
  44  4:05  SCV  
  45  4:13  SCV  
  46  4:17  Marine, SCV  
  46  4:21  Supply Depot  
  48  4:25  SCV  
  48  4:28  Liberator  
  48  4:29  SCV  
  50  4:37  Factory Tech Lab, Barracks  
  50  4:38  SCV  
  51  4:41  SCV  
  51  4:43  Marine  
  51  4:45  Supply Depot  
  56  4:50  SCV  
  51  4:54  SCV  
  51  4:58  Siege Tank  
  55  5:04  SCV  
  55  5:06  SCV  
  57  5:10  Marine  
  58  5:17  Command Center, Bunker  
  58  5:19  SCV x2  
  60  5:28  Marine  
  60  5:31  SCV x2  
  60  5:34  Supply Depot, Marine x2  
  68  5:35  Siege Tank  
  68  5:38  Starport Reactor  
  68  5:43  SCV  
  68  5:46  Marine  
  68  5:49  SCV  
  71  5:52  Supply Depot, Marine  
  71  5:53  Supply Depot  
  71  5:55  SCV  
  73  5:57  Marine, Barracks x2  
  73  6:04  Marine  
  75  6:09  Marine  
  75  6:10  Siege Tank  
  79  6:15  Marine  
  80  6:21  Marine  
  81  6:27  Marine  
  82  6:33  Marine  
  82  6:37  Medivac x2  
  82  6:39  Marine  
  88  6:45  Marine  
  85  6:50  Marine  
  85  6:52  Factory  
  84  6:54  Refinery  
  84  6:55  Refinery  
  84  6:57  Orbital Command  
  84  6:59  Barracks Reactor x2  
  84  7:05  Refinery  
  84  7:07  Engineering Bay, Medivac, SCV x2  
  84  7:08  Engineering Bay, Refinery  
  88  7:15  Marine x2  
  88  7:16  Marine  
  88  7:19  SCV x2  
  93  7:29  Supply Depot  
  93  7:31  Supply Depot, SCV x2  
  93  7:33  Widow Mine, Marine x3  
  93  7:35  Medivac  
  102  7:37  Medivac  
  102  7:43  Terran Infantry Armor Level 1, SCV  
  102  7:44  Factory Reactor  
  105  7:51  SCV  
  105  7:53  SCV  
  105  7:54  Marine x4  
  105  7:55  Marine x3, SCV  
  115  8:00  Supply Depot  
  115  8:01  Supply Depot x2  
  115  8:02  Terran Infantry Weapons Level 1  
  115  8:03  SCV  
  116  8:06  SCV  
  116  8:12  Marine x4  
  119  8:13  Marine x2  
  123  8:20  Marine  
  123  8:21  Widow Mine x3  
  123  8:23  Medivac  
  123  8:24  Medivac  
  123  8:26  SCV x2  
  136  8:28  SCV  
  136  8:30  Marine x2  
  136  8:33  Marine  
  140  8:38  SCV x2, Armory  
  140  8:39  Supply Depot  
  140  8:40  Supply Depot  
  140  8:41  Marine x3  
  145  8:49  Widow Mine  
  145  8:50  Marine x3  
  145  8:53  Medivac  
  142  9:06  Marine x2  
  142  9:07  Marine x2  
  139  9:10  Missile Turret  
  139  9:11  Missile Turret x2  
  139  9:14  Marine  
  139  9:15  Marine  
  139  9:21  Missile Turret x3  
  139  9:25  Widow Mine x3  
  139  9:27  Command Center  
  145  9:32  Marine x2  
  145  9:36  Marine  
  145  9:37  Marine x2  
  150  9:41  Marine  
  151  9:47  Marine  
  151  9:49  Supply Depot, Terran Infantry Armor Level 2  
  151  9:50  Marine x2  
  154  9:54  Marine  
  154  10:02  Marine  
  154  10:03  Marine  
  152  10:10  Liberator x2  
  143  10:19  Marine x2  
  143  10:20  Marine x4  
  143  10:21  Widow Mine x2, Marine  
  150  10:22  Widow Mine  
  150  10:25  Supply Depot  
  150  10:26  Supply Depot  
  162  10:30  Starport  
  162  10:37  Marine  
  162  10:39  Marine x2  
  165  10:42  Command Center  
  165  10:44  Marine x4  
  169  10:50  Widow Mine  
  169  10:53  Liberator  
  171  11:02  Marine x2  
  171  11:03  Marauder  
  178  11:13  Missile Turret  
  159  11:19  Marine  
  159  11:20  Marine x3  
  159  11:21  Marine x2  
  159  11:24  Marauder  
  135  11:37  Marine x2  
  135  11:38  Marine x2  
  135  11:39  Marine x2  
  137  11:40  Widow Mine x3  
  137  11:42  Medivac  
  137  11:45  Marine  
  144  11:48  Starport  
  144  11:53  Medivac  
  140  11:54  Starport Reactor  
  140  11:55  Marine x3  
  140  11:56  Marine x2  
  140  11:57  Marine  
  146  12:01  Liberator  
  146  12:03  Marine  
  146  12:05  Liberator  
  147  12:08  Widow Mine  
  147  12:13  Marine x4  
  147  12:14  Marine  
  147  12:15  Marine  
  153  12:19  Widow Mine x2  
  153  12:20  Terran Infantry Weapons Level 2, Marine  
  153  12:21  Terran Infantry Armor Level 3  
  161  12:24  Drilling Claws  
  162  12:31  Marine x2  
  162  12:37  Widow Mine, Marine x4  
  142  12:39  Marauder  
  150  12:44  Liberator  
  150  12:49  Marine x2  
  152  12:54  Marine  
  152  12:55  Marine x3  
  156  13:00  Marauder  
  148  13:15  Marine  
  148  13:16  Marine x5  
  148  13:17  Widow Mine  
  148  13:18  Widow Mine x2  
  148  13:20  Combat Shields  
  148  13:22  Marauder  
  127  13:27  Liberator  
  127  13:33  Marine  
  127  13:34  Marine x5  
  123  13:35  Medivac x3  
  129  13:43  Marauder  
  129  13:46  Widow Mine x2, SCV  
  129  13:48  Liberator x2  
  137  13:51  Marine x2  
  139  13:59  Planetary Fortress  
  139  14:04  Marauder  
  147  14:10  Missile Turret  
  147  14:14  Missile Turret x2  
  137  14:18  Marine x2  
  137  14:19  Marine x2  
  140  14:26  Marauder  
  140  14:29  Marine x2  
  144  14:36  Marine  
  136  14:42  Marine x2  
  138  14:47  Marauder  
  138  14:52  Marine x2  
  138  15:02  Widow Mine x3  
  140  15:08  Liberator x2, Marauder  
  140  15:09  Refinery x2  
  140  15:12  Marine x5  
  140  15:13  Marine  
  148  15:15  Medivac x2  
  152  15:22  Orbital Command  
  156  15:29  Marine  
  156  15:30  Widow Mine x2  
  156  15:31  Marine  
  158  15:38  Marine  
  157  15:43  Marine  
  157  15:44  Marine x2  
  157  15:48  Marauder  
  162  15:59  Marine x2  
  163  16:09  Marauder  
  133  16:13  Liberator  
  133  16:14  Liberator x3  
  127  16:28  Marine x6  
  127  16:29  Widow Mine x3  
  127  16:30  Marauder  
  127  16:32  Starport Reactor  
  153  16:46  Marine x6  
  156  16:52  Marauder  
  155  16:56  Liberator x2  
  155  16:58  Widow Mine  
  155  17:00  Liberator x4  
  157  17:03  Marine  
  157  17:04  Marine x4  
  162  17:08  Marine  
  162  17:13  Marauder  
  171  17:18  Command Center  
  171  17:21  Terran Infantry Weapons Level 3, Marine  
  171  17:22  Marine  
  185  17:23  Ghost Academy  
  185  17:25  Terran Ship Weapons Level 1  
  178  17:39  Liberator  
  137  18:03  Liberator x3  
  125  18:16  Ghost  
  125  18:17  Marine  
  125  18:18  Marine x5  
  133  18:24  Orbital Command  
  142  18:34  Missile Turret  
  142  18:35  Missile Turret  
  142  18:36  Refinery  
  142  18:38  Refinery  
  142  18:48  Ghost  
  142  18:49  Marine x4  
  142  18:54  Barracks x2  
  148  18:57  SCV  
  148  18:58  SCV  
  144  19:14  Marine x2  
  144  19:15  Marine  
  144  19:17  Ghost  
  144  19:18  Widow Mine x3  
  151  19:39  Refinery  
  151  19:47  Widow Mine x2, Refinery  
  151  19:49  Terran Ship Weapons Level 2  
  152  20:01  Marine x6, Marauder  
  160  20:18  Marine  
  160  20:19  Marine x5  
  166  20:22  Marine  
  164  20:36  Marine  
  164  20:37  Marine x5  
  164  20:40  Marauder  
  154  20:45  Widow Mine x3  
  139  21:03  Marine x5  
  139  21:04  Marine x2  
  134  21:13  Widow Mine  
  134  21:14  Barracks Tech Lab x2  
  136  21:21  Marine x7  
  142  21:25  Widow Mine  
  142  21:26  Widow Mine  
  145  21:33  Marine, Marauder  
  145  21:39  Marine x2  
  148  21:42  Widow Mine  
  149  21:47  Marine  
  149  21:48  Marine x3  
  149  21:50  Planetary Fortress  
  147  21:54  Widow Mine x2  
  126  22:07  Ghost x3  
  132  22:12  Marine x6  
  138  22:18  SCV x2  
  138  22:19  Command Center  
  140  22:29  Marine  
  140  22:30  Marine x4, SCV  
  140  22:36  Command Center, Ghost  
  150  22:37  Marauder  
  94  23:29  Ghost x3  
  94  23:30  Widow Mine  
  94  23:31  Widow Mine  
  102  23:34  Marine  
  101  23:57  Ghost x2  
  92  24:12  Widow Mine x3  
  92  24:13  Marine x2  
  92  24:14  Marine x2  
  101  24:25  Marine x2, Marauder  
  101  24:26  Marine, Marauder  
  101  24:31  Viking x4, Marine x3  
  110  24:32  Marine  
  120  24:40  Widow Mine  
Show
View Real Time Build Order
Export as new Build Order

HeavyArms Zerg - Winner!

Build Orders: Hatch First, Muta Ling Bane 

Get SALT Encoding   

  12  0:00  Drone  
  13  0:13  Overlord  
  13  0:18  Drone  
  14  0:31  Drone x2  
  16  0:38  Drone  
  17  0:54  Hatchery  
  16  0:58  Drone  
  16  1:01  Drone  
  16  1:03  Extractor  
  17  1:09  Drone  
  18  1:20  Spawning Pool  
  17  1:27  Drone  
  17  1:28  Drone  
  19  1:39  Overlord  
  19  1:52  Drone  
  20  2:07  Queen x2  
  20  2:08  Metabolic Boost  
  24  2:16  Zergling x4  
  24  2:18  Drone  
  24  2:22  Drone  
  28  2:27  Overlord  
  28  2:33  Drone x2  
  30  2:41  Drone  
  30  2:43  Drone  
  32  2:46  Queen  
  34  2:58  Overlord x2  
  34  3:06  Drone x2  
  34  3:32  Hatchery  
  33  3:40  Extractor  
  32  3:42  Evolution Chamber, Drone x5  
  32  3:43  Evolution Chamber, Drone  
  36  3:50  Drone x2  
  36  3:55  Queen  
  40  3:57  Drone x2  
  42  4:11  Spine Crawler, Zergling x8  
  42  4:12  Zergling x4  
  47  4:20  Drone x2  
  47  4:23  Zerg Melee Weapons Level 1  
  49  4:26  Zerg Ground Armor Level 1  
  49  4:34  Queen  
  49  4:36  Overlord  
  49  4:54  Drone  
  49  4:55  Drone x7  
  57  5:08  Lair  
  57  5:15  Extractor  
  57  5:16  Extractor  
  57  5:17  Baneling Nest  
  54  5:29  Zergling x12  
  54  5:30  Zergling x12  
  54  5:32  Overlord  
  66  5:51  Drone  
  66  5:52  Drone x5  
  72  6:00  Drone x2  
  72  6:02  Overlord x3  
  74  6:08  Hatchery  
  66  6:19  Drone x6  
  66  6:25  Centrifical Hooks  
  72  6:33  Drone x3  
  70  6:47  Drone  
  70  6:48  Drone x7  
  78  6:56  Extractor  
  78  6:57  Drone x5  
  78  6:58  Extractor, Spire  
  80  7:08  Overlord x3  
  80  7:09  Drone x2  
  80  7:13  Baneling x4  
  82  7:16  Pneumatized Carapace  
  82  7:17  Overseer  
  82  7:19  Zerg Melee Weapons Level 2  
  82  7:21  Drone x2  
  84  7:25  Drone x3  
  84  7:27  Drone x2  
  89  7:41  Hatchery  
  88  7:45  Drone x2  
  90  7:59  Drone x9  
  90  8:00  Drone x6  
  105  8:08  Zergling x6  
  105  8:10  Baneling  
  105  8:11  Baneling  
  108  8:15  Mutalisk x2  
  108  8:16  Mutalisk x3  
  108  8:18  Overlord x2  
  118  8:21  Zerg Ground Armor Level 2  
  118  8:26  Extractor  
  117  8:27  Mutalisk  
  117  8:28  Extractor  
  118  8:47  Mutalisk  
  118  8:48  Mutalisk x4  
  120  8:55  Drone  
  120  8:56  Drone x13  
  129  9:11  Mutalisk, Hatchery  
  129  9:12  Mutalisk x3  
  129  9:15  Zerg Flyer Weapons Level 1  
  136  9:22  Overlord x2  
  136  9:23  Overlord x4  
  136  9:29  Mutalisk x2  
  136  9:30  Extractor  
  139  9:33  Extractor  
  139  9:35  Queen  
  140  9:40  Drone  
  140  9:41  Drone x2  
  143  9:49  Mutalisk, Zergling x2  
  143  9:50  Mutalisk x4  
  154  9:53  Zergling x20  
  154  9:59  Mutalisk x2  
  164  10:01  Zergling x4  
  164  10:02  Zergling x2  
  171  10:15  Overlord x3  
  171  10:16  Zergling x2  
  171  10:17  Zergling x16  
  180  10:24  Infestation Pit  
  179  10:37  Drone  
  179  10:38  Drone x6  
  179  10:39  Drone x6  
  179  10:40  Drone x2  
  194  10:43  Baneling x2  
  194  10:44  Baneling x16  
  195  10:56  Zergling x10  
  199  10:59  Baneling  
  199  11:00  Baneling x20  
  179  11:31  Mutalisk  
  171  11:33  Hive  
  171  11:35  Zerg Flyer Weapons Level 2  
  169  11:51  Overseer x2  
  169  11:53  Overseer x3  
  169  11:56  Zergling x2  
  169  11:57  Zergling x46  
  169  11:58  Zergling x14  
  197  12:35  Zergling x2  
  197  12:36  Zergling x52  
  195  12:38  Zergling x4  
  197  12:50  Ultralisk Cavern  
  196  12:58  Zergling x6  
  199  12:59  Hatchery  
  180  13:14  Mutalisk x4  
  180  13:15  Mutalisk x3  
  193  13:20  Zergling x14  
  187  13:38  Zerg Ground Armor Level 3, Zerg Melee Weapons Level 3  
  187  13:39  Chitinous Plating  
  185  13:41  Drone x2  
  185  13:42  Drone  
  185  13:43  Drone x3  
  185  13:44  Drone  
  192  14:10  Adrenal Glands  
  190  14:31  Baneling x2  
  188  14:42  Ultralisk x2  
  199  14:51  Drone  
  198  15:03  Zerg Flyer Weapons Level 3  
  198  15:05  Extractor x2  
  188  15:08  Ultralisk x2  
  200  15:25  Baneling x3  
  200  15:26  Baneling x6  
  198  15:47  Burrow  
  190  16:09  Mutalisk  
  190  16:10  Mutalisk x14  
  190  16:11  Mutalisk x2  
  160  16:13  Mutalisk x6  
  174  16:55  Ultralisk x3  
  174  16:56  Zergling x2  
  174  16:58  Overlord x3  
  193  17:12  Overlord x2  
  190  17:30  Zergling x20  
  161  17:55  Zergling x18  
  161  17:56  Zergling x24  
  161  17:57  Ultralisk  
  161  17:58  Ultralisk x6  
  200  18:00  Corruptor x3  
  190  18:12  Corruptor  
  190  18:13  Corruptor x3  
  198  18:20  Overseer x2  
  198  18:22  Overseer x3  
  198  18:59  Extractor  
  198  19:01  Extractor  
  185  19:24  Zergling x2  
  185  19:25  Corruptor x2  
  185  19:26  Corruptor x5  
  185  19:30  Greater Spire  
  200  19:38  Hatchery  
  195  19:46  Corruptor x3  
  195  19:59  Corruptor  
  191  20:00  Corruptor x3  
  197  20:14  Overlord x3  
  196  20:27  Hatchery  
  195  20:32  Corruptor x2  
  184  20:59  Corruptor x3  
  184  21:00  Corruptor  
  184  21:02  Zergling x20  
  192  21:26  Hatchery  
  192  21:29  Pathogen Glands  
  191  21:46  Overseer  
  191  21:47  Overseer x2  
  175  22:14  Extractor  
  174  22:27  Corruptor, Zergling x2  
  174  22:28  Corruptor x2  
  181  22:30  Zergling x2  
  181  22:33  Infestor x6  
  181  22:34  Infestor  
  196  22:38  Zergling x2  
  196  22:39  Zergling x6  
  200  22:56  Corruptor x5  
  200  22:57  Hatchery  
  197  22:59  Extractor x2  
  162  23:30  Ultralisk x4  
  186  23:45  Zergling x2  
  186  23:46  Zergling x26  
  173  24:08  Infestor x2  
  173  24:09  Infestor  
  177  24:11  Zergling x18  
  177  24:12  Zergling x28  
  200  24:37  Baneling x15  
  200  24:38  Baneling x31  
  200  24:39  Baneling x4  
  173  24:58  Zergling x2  
  173  24:59  Zergling x46  
  192  25:04  Zergling x2  
Tags
 
Add a new tag
Caveats
  • Supply blocks, unpowered buildings, or Contaminate may cause inaccurate times.
  • Supply counts are checked every 10 seconds.